 Dungeon Crawl Stone Soup version 0.29-a0-393-g47a863cc1b (webtiles) character file.

Game seed: 11452227392934144183

84 quinnr the Gusty (level 4, -3/24 HPs)
             Began as a Tengu Air Elementalist on May 10, 2022.
             Slain by a gnoll
             ... wielding a +0 spear
              (10 damage)
             ... on level 3 of the Dungeon.
             The game lasted 00:03:22 (2638 turns).

quinnr the Gusty (Tengu Air Elementalist)           Turns: 2638, Time: 00:03:23

Health: -3/24      AC:  2    Str:  8    XL:     4   Next: 45%
Magic:  8/8        EV: 12    Int: 17    God:
Gold:   84         SH:  0    Dex: 15    Spells: 6/7 levels left

rFire   . . .      SeeInvis +   (no weapon)
rCold   . . .      Faith    .   (no shield)
rNeg    . . .      Spirit   .   a - +0 robe
rPois   .          Reflect  .   (helmet restricted)
rElec   .          Harm     .   (no cloak)
rCorr   .          Rampage  .   (no gloves)
Will    .....                   (boots unavailable)
Stlth   ++........              (no amulet)
HPRegen 0.08/turn               h - ring of flight
MPRegen 0.11/turn               j - ring of see invisible

@: flying
A: beak, talons 3
a: no special abilities


You were on level 3 of the Dungeon.
You visited 1 branch of the dungeon, and saw 3 of its levels.

You collected 84 gold pieces.

Inventory:

Armour
 a - a +0 robe (worn)
Jewellery
 h - a ring of flight (left hand)
 j - a ring of see invisible (right hand)
Wands
 m - a wand of acid (10)
 n - a wand of mindburst (16)
Scrolls
 e - a scroll of noise
Potions
 b - 2 potions of magic
 c - 2 potions of might
 g - a potion of lignification {unknown}
 i - 2 potions of curing {unknown}
 k - a potion of attraction {unknown}


   Skills:
 - Level 2.1 Dodging
 - Level 2.0 Stealth
 - Level 2.0 Spellcasting
 - Level 1.3 Conjurations
 * Level 6.8 Air Magic


You had 6 spell levels left.
You knew the following spells:

 Your Spells              Type           Power      Damage    Failure   Level
a - Shock                 Conj/Air       60%        1d6       3%          1

Your spell library contained the following spells:

 Spells                   Type           Power      Damage    Failure   Level
 Swiftness                Air            24%        N/A       3%          3
 Static Discharge         Conj/Air       15%        N/A       5%          2
 Airstrike                Air            12%        N/A       12%         4


Dungeon Overview and Level Annotations

Branches:
Dungeon (3/15)

Altars:

Shops:
D:1 !


Innate Abilities, Weirdness & Mutations

You have a beak for a mouth.
You have claws for feet.


Message History

The gnoll is lightly wounded.
The zap hits the gnoll.
The gnoll is heavily wounded.
The gnoll hits you from afar with a +0 spear!
You are too injured to fight recklessly!
Casting: Shock (safe; 3% risk of failure)
Confirm with . or Enter, or press ? or * to list all spells.
Aiming: Shock (safe; 3% risk of failure)
Press: ? - help, Shift-Dir - straight line, f/p - gnoll
Aim: a gnoll, wielding a +0 spear (heavily wounded, 75% to hit)
The zap hits the gnoll.
The gnoll is severely wounded.
The zap hits the gnoll.
You kill the gnoll!
A gnoll comes into view. It is wielding a +0 spear.
A gnoll is nearby!
A gnoll is nearby!
A gnoll is nearby!
The gnoll shouts!
You see here a +0 spear.
A gnoll comes into view. It is wielding a +0 club.
As you read the scroll labelled OGOCWEU HICYE, it crumbles to dust.
You hear a loud clanging noise!
It was a scroll of noise.
As you read the scroll labelled UTWIGU YZXAYKK, it crumbles to dust.
It is a scroll of brand weapon.
You aren't carrying any weapons that can be branded.
The gnoll hits you from afar with a +0 spear.
The gnoll attacks as you move away! The gnoll hits you with a +0 club.
* * * LOW HITPOINT WARNING * * *
As you read the scroll labelled JYOMAHUMEA, it crumbles to dust.
It is a scroll of amnesia.
Really abort (and waste the scroll)?
Okay, then.
The gnoll barely misses you.
As you read the scroll labelled CAESUTHREOVE, it crumbles to dust.
It is a scroll of identify.
c - 2 potions of might The gnoll hits you from afar with a +0 spear!
You die...

## ##### .## #...#
..# #.############
..#####.####...g@..#
...........##.#.####
.######.##....g.# ##
#.#####.###
#.....).# #########


You could see 2 gnolls.

Vanquished Creatures
  A gnoll (D:3)
  2 adders (D:2)
  A worm (D:2)
  A dart slug (D:1)
  4 endoplasms (D:1)
  7 giant cockroaches
  4 goblins
  8 hobgoblins
  4 jackals (D:2)
  A quokka (D:2)
  4 ball pythons
  5 bats
  A frilled lizard (D:1)
  A kobold (D:1)
  6 rats
50 creatures vanquished.

Notes
Turn   | Place    | Note
-------+----------+-------------------------------------------
     0 | D:1      | quinnr the Tengu Air Elementalist began the quest for the
                  | Orb.
     0 | D:1      | Reached XP level 1. HP: 10/10 MP: 4/4
     6 | D:1      | Noticed a killer bee
     6 | D:1      | Noticed a salamander
     7 | D:1      | Noticed a polar bear
   121 | D:1      | Found Xuluurul's Antique Weapon Shop.
   263 | D:1      | Reached XP level 2. HP: 15/15 MP: 3/6
   485 | D:1      | Reached skill level 5 in Air Magic
   660 | D:1      | Found Tistrol's Distillery.
   778 | D:1      | Reached XP level 3. HP: 19/19 MP: 4/7
  1740 | D:2      | Found a faded altar of an unknown god.
  1917 | D:2      | Reached skill level 6 in Air Magic
  2102 | D:2      | Reached XP level 4. HP: 19/24 MP: 4/8
  2638 | D:3      | Slain by a gnoll

Illustrated notes

Levels and vault maps discovered:
D:1:      onia_arrival_zoo_common, layout_basic, serial_shops,
          nicolae_shop_statue_plus, shop
D:2:      layout_basic, ebering_ecumenical_altar_abandoned,
          kennysheep_generic_room_5
D:3:      layout_loops_cross, mainiacjoe_overflow_boulevard,
          nicolae_concentric_dashed_squares_mild, corexii_hall_statues_s,
          uniq_terence, uniq_grinder

Skill      XL: |  1  2  3 |
---------------+----------+-----
Air Magic      | 5 6 |  6.8
Dodging        | |  2.1
Stealth        | |  2.0
Spellcasting   | |  2.0
Conjurations   | |  1.3

Action                   |  1- 3 |  4- 6 || total
-------------------------+-------+-------++-------
Melee: Unarmed           |     3 |       ||     3
       Kick              |     1 |       ||     1
 Cast: Shock             |    81 |    18 ||    99
  Use: Scroll            |       |     4 ||     4
Armor: Robe              |     3 |       ||     3
Dodge: Dodged            |    14 |     3 ||    17

Table legend: (Time is in decaauts)
 A = Elapsed time spent in this place.
 B = Non-inter-level travel time spent in this place.
 C = Inter-level travel time spent in this place.
 D = Time resting spent in this place.
 E = Time spent auto-exploring this place.
 F = Levels seen in this place.
 G = Mean time per level.
                   A        B        C        D        E       F      G
               +--------+--------+--------+--------+--------+-----+--------+
         Total |   2636 |   2565 |     71 |      8 |   2278 |   3 |  878.7 |
       Dungeon |   2636 |   2565 |     71 |      8 |   2278 |   3 |  878.7 |
               +--------+--------+--------+--------+--------+-----+--------+

Top non-repeatable levels by time:
     D:1: 1630 daAuts
     D:2: 793 daAuts
     D:3: 212 daAuts
